Map: Astillero orbital

Players

xXkazperXx

  • Race: Zerg Zerg

RANURA DE IA (Media) - Winner!

  • Race: Zerg Zerg

VOD

Have the link to the VOD?

Description

Time

  • Played on: March 8, 2016, 12:03 a.m.
  • Length: 18:57
Show
View Real Time Build Order
Export as new Build Order

xXkazperXx Zerg 

Build Orders: Pool First 

Get SALT Encoding   

  12  0:02  Drone  
  13  0:12  Drone  
  14  0:17  Overlord  
  14  0:36  Spawning Pool  
  14  0:38  Drone  
  14  0:49  Drone x2  
  16  0:50  Drone  
  17  0:59  Extractor  
  17  1:04  Drone  
  17  1:13  Drone  
  18  1:24  Queen  
  20  1:34  Drone x2  
  22  1:44  Overlord  
  22  1:57  Hatchery  
  22  2:01  Zergling x2  
  22  2:22  Zergling x4  
  24  2:31  Roach Warren  
  24  2:32  Drone  
  24  2:44  Zergling x4  
  24  2:45  Zergling x4  
  28  2:52  Lair  
  28  3:04  Extractor  
  27  3:11  Drone  
  28  3:14  Burrow  
  28  3:31  Drone x4  
  28  3:32  Drone x2  
  34  3:52  Roach  
  36  4:00  Overlord  
  36  4:20  Roach x2  
  40  4:24  Roach x2  
  40  4:26  Overlord  
  44  4:44  Queen  
  46  4:53  Overlord x3  
  46  4:56  Roach x3  
  52  5:07  Hydralisk Den  
  52  5:10  Drone  
  52  5:11  Drone  
  53  5:18  Ravager  
  53  5:19  Ravager  
  55  5:24  Tunneling Claws  
  55  5:28  Pneumatized Carapace  
  52  6:44  Roach x6  
  49  7:46  Hydralisk x6  
  49  7:49  Overlord x2, Hydralisk  
  49  7:50  Hydralisk x3  
  69  8:09  Hatchery  
  69  8:12  Roach x2  
  72  8:16  Muscular Augments  
  72  8:19  Metabolic Boost  
  72  8:34  Spire  
  71  9:06  Extractor, Drone x2  
  71  9:07  Drone x3  
  75  9:11  Extractor  
  75  9:16  Drone x2  
  75  9:17  Drone x2  
  78  9:26  Hydralisk x5  
  88  9:33  Drone x2  
  90  10:00  Mutalisk x2  
  84  10:21  Mutalisk  
  84  10:23  Overlord x2  
  86  10:33  Roach x6  
  86  10:34  Extractor  
  85  10:36  Drone  
  85  10:37  Extractor  
  85  10:40  Overlord x3  
  85  10:58  Hydralisk  
  85  11:00  Hydralisk x2  
  79  11:26  Lurker Den  
  79  11:30  Drone x3  
  82  11:51  Mutalisk x3  
  88  12:00  Zergling x6  
  91  12:08  Evolution Chamber  
  90  12:23  Infestation Pit  
  90  12:26  Drone x2  
  91  12:39  Drone x3  
  94  12:48  Glial Reconstitution  
  94  12:56  Ravager  
  95  13:02  Overseer  
  95  13:08  Lurker  
  95  13:10  Lurker  
  97  13:23  Hydralisk x3  
  97  13:25  Drone  
  97  13:26  Drone x4  
  108  13:40  Drone  
  109  13:42  Queen  
  111  13:50  Hive  
  111  13:52  Zerg Flyer Weapons Level 1  
  111  13:55  Mutalisk  
  104  15:02  Hatchery  
  103  15:13  Extractor  
  102  15:17  Extractor  
  101  15:24  Mutalisk x3  
  107  15:29  Ravager  
  107  15:30  Ravager  
  107  15:32  Lurker  
  110  15:42  Zergling x6  
  113  15:45  Viper x5  
  113  15:46  Viper  
  131  15:51  Drone x2  
  131  15:52  Drone x3  
  136  16:43  Greater Spire  
  136  16:48  Hatchery  
  63  18:02  Hydralisk x3  
  63  18:04  Hydralisk x3  
  75  18:06  Hydralisk x3  
  75  18:09  Hydralisk x3  
  75  18:11  Drone  
  88  18:13  Drone  
  89  18:26  Roach  
  91  18:28  Roach  
  91  18:29  Roach  
  91  18:30  Mutalisk x2  
  99  18:37  Drone x2  
  101  18:47  Hatchery  
Show
View Real Time Build Order
Export as new Build Order

RANURA DE IA (Media) Zerg - Winner!

Build Orders: Pool First 

Get SALT Encoding   

  12  0:00  Drone  
  13  0:12  Overlord  
  13  0:17  Drone  
  14  0:30  Drone  
  14  0:33  Drone  
  16  0:43  Spawning Pool  
  16  0:45  Drone  
  16  0:49  Drone  
  17  0:52  Extractor  
  17  0:55  Drone  
  17  1:06  Overlord  
  17  1:30  Queen  
  17  1:31  Zergling x2  
  20  1:36  Roach Warren  
  20  1:38  Drone  
  20  1:39  Extractor  
  19  1:42  Zergling x2  
  20  1:49  Drone  
  21  2:00  Drone  
  22  2:10  Overlord  
  22  2:21  Roach  
  24  2:30  Baneling Nest  
  24  2:32  Drone  
  24  2:34  Evolution Chamber  
  26  2:37  Roach, Drone  
  26  2:40  Drone  
  27  2:45  Drone  
  27  2:47  Ravager  
  29  2:54  Roach  
  31  3:04  Overlord  
  31  3:05  Ravager  
  32  3:08  Roach  
  32  3:10  Drone  
  35  3:14  Drone  
  35  3:18  Drone  
  37  3:27  Drone  
  38  4:49  Zergling x2  
  38  5:05  Overlord, Lair, Drone  
  38  5:07  Spore Crawler, Drone  
  38  5:08  Spore Crawler  
  38  5:10  Evolution Chamber, Drone  
  38  5:11  Hatchery  
  38  5:14  Drone  
  38  5:18  Drone  
  39  5:35  Drone, Spine Crawler  
  39  5:43  Spine Crawler  
  39  5:45  Drone  
  35  5:51  Roach  
  30  6:02  Overseer x2  
  30  6:04  Roach  
  30  6:06  Queen  
  30  6:07  Hydralisk Den  
  30  6:09  Drone  
  30  6:10  Spire  
  33  6:12  Infestation Pit  
  33  6:13  Drone  
  33  6:16  Drone  
  33  6:18  Ravager  
  35  6:21  Roach  
  35  6:25  Drone  
  38  6:29  Drone  
  38  6:32  Drone  
  40  6:35  Ravager, Drone  
  40  6:38  Hydralisk, Drone  
  45  6:41  Drone  
  45  6:44  Drone  
  47  6:47  Drone  
  47  6:50  Overlord  
  47  6:51  Drone  
  47  6:52  Roach  
  51  6:55  Drone  
  51  6:58  Drone  
  53  7:06  Zergling x2  
  53  7:08  Drone  
  46  7:17  Drone  
  46  7:19  Hydralisk  
  46  7:20  Drone  
  48  7:23  Drone  
  48  7:27  Drone  
  48  7:30  Drone  
  48  7:35  Spore Crawler  
  48  7:38  Spore Crawler, Drone  
  48  7:41  Drone  
  48  7:43  Hydralisk  
  49  7:44  Overlord, Drone  
  49  7:48  Drone  
  49  7:50  Queen  
  55  7:57  Hydralisk  
  57  8:03  Drone, Spine Crawler  
  57  8:05  Spine Crawler  
  56  8:06  Drone  
  56  8:11  Roach  
  59  8:22  Overlord, Overseer, Extractor  
  59  8:25  Roach  
  60  8:32  Extractor  
  59  8:38  Hydralisk  
  61  8:45  Drone  
  62  8:52  Ravager  
  62  8:53  Roach  
  65  9:06  Overlord, Ravager  
  65  9:07  Roach  
  68  9:27  Mutalisk, Pneumatized Carapace, Overlord  
  68  9:28  Overlord  
  68  9:29  Overseer  
  70  9:37  Mutalisk  
  70  9:38  Hatchery  
  71  9:47  Mutalisk  
  73  9:57  Mutalisk  
  70  10:07  Corruptor  
  70  10:13  Zerg Flyer Weapons Level 1  
  60  10:17  Mutalisk  
  62  10:22  Overseer  
  62  10:27  Mutalisk  
  64  10:37  Mutalisk  
  66  10:47  Mutalisk  
  68  10:50  Hive, Queen, Drone  
  68  10:53  Drone  
  68  10:56  Drone  
  73  10:57  Mutalisk, Extractor  
  73  10:59  Drone  
  73  11:00  Spore Crawler  
  73  11:02  Spore Crawler, Drone  
  74  11:05  Drone  
  74  11:07  Corruptor  
  74  11:08  Extractor, Drone  
  77  11:11  Drone  
  77  11:14  Drone  
  77  11:17  Drone  
  80  11:20  Drone  
  80  11:23  Drone  
  82  11:26  Drone  
  82  11:27  Spine Crawler  
  82  11:28  Drone  
  82  11:29  Spine Crawler  
  82  11:31  Drone  
  83  11:34  Drone  
  83  11:37  Drone  
  85  11:40  Drone  
  85  11:42  Overseer  
  85  11:43  Overlord  
  86  11:47  Overseer  
  86  12:02  Overlord  
  86  12:03  Overseer  
  86  12:06  Ultralisk Cavern  
  86  12:07  Zerg Flyer Armor Level 1  
  85  12:20  Overlord, Drone  
  86  12:36  Overseer  
  86  12:40  Overlord  
  86  13:22  Roach, Overlord  
  86  13:23  Zerg Melee Weapons Level 1, Burrow, Zerg Ground Armor Level 1  
  86  13:25  Roach  
  90  13:29  Roach  
  90  13:32  Hydralisk  
  94  13:36  Zergling x2  
  94  13:40  Roach, Overlord  
  97  13:43  Roach  
  97  13:47  Roach  
  101  13:51  Roach  
  101  13:54  Hydralisk  
  105  13:57  Hydralisk  
  105  13:58  Overlord  
  105  13:59  Muscular Augments  
  105  14:02  Roach  
  109  14:05  Roach  
  109  14:09  Roach, Overseer  
  99  14:10  Overlord, Overseer  
  89  14:29  Roach, Overlord  
  91  14:32  Roach  
  91  14:36  Roach  
  95  14:40  Roach  
  97  14:47  Roach, Overlord  
  97  14:48  Hatchery  
  97  14:49  Zerg Flyer Weapons Level 2  
  97  14:50  Hydralisk  
  100  14:54  Hydralisk  
  100  14:57  Hydralisk  
  104  15:01  Roach  
  104  15:04  Infestor  
  104  15:05  Overlord  
  104  15:06  Overseer  
  108  15:17  Zerg Ground Armor Level 2, Zerg Missile Weapons Level 1  
  108  15:24  Overlord  
  108  15:30  Overseer  
  108  15:43  Overlord  
  108  16:01  Queen, Drone  
  108  16:02  Overlord, Overseer  
  111  16:14  Extractor  
  111  16:15  Drone  
  111  16:17  Spore Crawler  
  111  16:18  Drone  
  111  16:24  Spore Crawler  
  111  16:25  Overlord, Overseer, Extractor, Drone  
  111  16:28  Drone  
  111  16:47  Infestor  
  111  16:48  Overlord, Viper  
  111  16:50  Spine Crawler  
  111  16:51  Drone  
  111  16:52  Infestor  
  111  16:53  Spine Crawler  
  117  16:54  Drone  
  117  16:58  Ultralisk  
  124  17:06  Overlord  
  124  17:13  Overseer  
  124  17:22  Queen  
  124  17:24  Overlord  
  124  17:25  Drone  
  124  17:28  Hydralisk, Drone  
  113  17:31  Drone  
  113  17:33  Hydralisk  
  113  17:35  Drone  
  108  17:38  Drone  
  108  17:39  Zergling x2  
  108  17:41  Drone  
  108  17:44  Spore Crawler, Hydralisk  
  108  17:45  Drone  
  108  17:48  Hatchery, Drone  
  108  17:49  Hydralisk  
  114  17:51  Drone  
  114  17:54  Infestor, Drone  
  114  17:57  Drone  
  118  18:00  Drone  
  118  18:02  Drone  
  121  18:05  Drone  
  121  18:07  Overlord  
  121  18:08  Drone  
Tags
 
Add a new tag
Caveats
  • Supply blocks, unpowered buildings, or Contaminate may cause inaccurate times.
  • Supply counts are checked every 10 seconds.